 Dungeon Crawl Stone Soup version 0.31-a0-263-ge8cad7f256 (webtiles) character file.

Game seed: 10696718887154379034

182 qw the Shooter (level 5, -7/42 HPs)
             Began as a Minotaur Hexslinger on July 13, 2023.
             Mangled by a lemure (8 damage)
             ... led by Pikel
             ... on level 4 of the Dungeon.
             The game lasted 00:01:03 (2098 turns).

qw the Shooter (Minotaur Hexslinger)                Turns: 2098, Time: 00:01:03

Health: -7/42      AC:  6    Str: 13    XL:     5   Next: 34%
Magic:  5/5        EV: 11    Int: 10    God:
Gold:   232        SH:  0    Dex: 14    Spells: 5/6 levels left

rFire   . . .        Y - +2 sling (chaos)
rCold   + . .        (no shield)
rNeg    . . .        n - +0 ring mail
rPois   .            (helmet restricted)
rElec   .            (no cloak)
rCorr   .            (no gloves)
SInv    .            b - +0 pair of boots
Will    .....        (no amulet)
Stlth   +            m - ring of protection from cold
HPRegen 0.27/turn    (no ring)
MPRegen 0.09/turn

%: no passive effects
@: about to teleport
A: horns 2, retaliatory headbutt
a: no special abilities


You were on level 4 of the Dungeon.
You visited 1 branch of the dungeon, and saw 4 of its levels.

You collected 232 gold pieces.


Innate Abilities, Weirdness & Mutations

You have a pair of horns on your head.
You reflexively headbutt those who attack you in melee.


   Skills:
 + Level 2.6 Fighting
 - Level 5.6 Ranged Weapons
 - Level 1.0 Armour
 - Level 2.1 Dodging
 - Level 1.0 Spellcasting
 - Level 2.0 Hexes


You had 5 spell levels left.
You knew the following spells:

 Your Spells              Type           Power      Damage    Failure   Level
a - Slow                  Hex            16%        N/A       32%         1

Your spell library contained the following spells:

 Spells                   Type           Power      Damage    Failure   Level
 Inner Flame              Hex/Fire       2%         N/A       82%         3
 Portal Projectile        Hex/Tloc       4%         N/A       82%         3
 Cause Fear               Hex            2%         N/A       97%         4

Inventory:

Hand Weapons
 Y - a +2 sling of chaos (weapon)
Armour
 b - a +0 pair of boots (worn)
 n - a +0 ring mail (worn)
Jewellery
 m - a ring of protection from cold (left hand)
Scrolls
 a - a scroll of teleportation
Potions
 c - a potion of haste {unknown}
 d - a potion of curing {unknown}
 e - a potion of resistance {unknown}
 f - a potion of lignification {unknown}
 h - a potion of brilliance {unknown}
 i - a potion of might {unknown}
 j - 2 potions of cancellation
 k - a potion of heal wounds {unknown}
 o - a potion of attraction {unknown}

Dungeon Overview and Level Annotations

Branches:
Dungeon (4/15)
 Temple: D:4-7

Altars:

Shops:
D:4 ?

Annotations:
D:4 Pikel


Message History

The lemure shouts!
A lemure comes into view.
You shoot a sling bullet.
The sling bullet completely misses the lemure.
A lemure comes into view.
Pikel, Merchant of Souls comes into view.
He is wielding a +0 whip of freezing.
You shoot a sling bullet.
Pikel shouts!
The lemure shouts!
The sling bullet hits the lemure.
The sling bullet freezes the lemure.
The lemure is heavily wounded.
The lemure closely misses you.
You shoot a sling bullet. The sling bullet misses the lemure.
The lemure hits you.
You shoot a sling bullet.
The sling bullet closely misses the lemure.
The lemure hits you. The lemure hits you but does no damage.
The lemure misses you. You furiously retaliate!
You headbutt the lemure! You shoot a sling bullet.
The sling bullet hits the lemure but does no damage.
The lemure is almost dead.
The lemure barely misses you.
You shoot a sling bullet.
The sling bullet closely misses the lemure.
The lemure hits you. The lemure misses you. You furiously retaliate!
You headbutt the lemure. You shoot a sling bullet.
The sling bullet closely misses the lemure.
The lemure barely misses you.
You shoot a sling bullet. The sling bullet hits the lemure.
The lemure seems to grow stronger.
The lemure is almost dead.
The lemure hits you! The lemure misses you. The lemure hits you.
Pikel misses you. The lemure hits you but does no damage. The lemure hits you.
Pikel hits you with a +0 whip of freezing.
Pikel freezes you. The lemure hits you. x2
2098 ||| READING 2 scrolls of teleportation.
As you read the scroll of teleportation, it crumbles to dust.
You feel strangely unstable. The lemure hits you!
You die...

...... ....+
..........# ...
......... . ....
#....... #)
#.....##...... ..
.............#) .# ..
............K5#.#..?.
............5@5\.....
.....>.##..5.#.#....
#...>.##...#...# .
#+####.................
.....#...............#.
.....#...............#
.
.....#.....##.....####
.....#.....##.....#
.....#.............#


You could see Pikel and 4 lemures.

Vanquished Creatures
  Blork the orc (D:4)
  3 adders
  A dart slug (D:2)
  3 orcs
  10 ball pythons
  6 bats
  5 endoplasms
  5 giant cockroaches
  7 goblins
  10 hobgoblins
  4 jackals (D:3)
  6 kobolds
  6 quokkas
  4 frilled lizards
  5 rats
76 creatures vanquished.

Vanquished Creatures (others)
  An endoplasm zombie (D:3)
1 creature vanquished.

Grand Total: 77 creatures vanquished

Notes
Turn   | Place    | Note
-------+----------+-------------------------------------------
     0 | D:1      | qw the Minotaur Hexslinger began the quest for the Orb.
     0 | D:1      | Reached XP level 1. HP: 16/16 MP: 1/1
     0 | D:1      | 0 ||| qw: Version: 0.3-a-52-g30416fa
     0 | D:1      | 0 ||| qw: Game counter: 7513
     0 | D:1      | 0 ||| qw: Melee chars always use a shield: true
     0 | D:1      | 0 ||| qw: God list: Okawaru
     0 | D:1      | 0 ||| qw: Allow faded altars: false
     0 | D:1      | 0 ||| qw: Do Orc after clearing Dungeon:15 true
     0 | D:1      | 0 ||| qw: Do second Lair branch before Depths: true
     0 | D:1      | 0 ||| qw: Lair rune preference: random
     0 | D:1      | 0 ||| qw: Goals: Normal
     0 | D:1      | 0 ||| PLANNING D:1-11
   177 | D:1      | Reached skill level 3 in Ranged Weapons
   178 | D:1      | Reached XP level 2. HP: 23/23 MP: 2/2
   642 | D:1      | 642 ||| UPGRADING to +0 ring mail.
   652 | D:1      | 652 ||| DROPPING +0 robe.
   653 | D:1      | 653 ||| DROPPING ring of flight.
   654 | D:1      | 654 ||| UPGRADING to ring of protection from cold.
   655 | D:1      | 655 ||| READING 3 scrolls labelled WEGIOB IRCHOIWO.
   658 | D:1      | 658 ||| READING scroll labelled PYANON RIUR.
   659 | D:1      | 659 ||| READING scroll labelled ZAETUD GIMUMAU.
   660 | D:1      | 660 ||| READING scroll labelled WUZOPH RUPRAU.
   661 | D:1      | 661 ||| DRINKING 2 metallic white potions.
   662 | D:1      | 662 ||| DROPPING scroll of poison.
   752 | D:2      | Reached XP level 3. HP: 29/29 MP: 3/3
  1005 | D:2      | Found a faded altar of an unknown god.
  1103 | D:2      | Reached skill level 4 in Ranged Weapons
  1258 | D:2      | 1258 ||| READING scroll labelled SIOT ETUGGA.
  1259 | D:2      | 1259 ||| READING scroll labelled ZAXKOO UFIAKLA.
  1260 | D:2      | 1260 ||| READING scroll labelled BAIDWO DEMM.
  1356 | D:3      | Reached skill level 1 in Armour
  1362 | D:3      | 1362 ||| FLEEEEING.
  1363 | D:3      | 1363 ||| FLEEEEING.
  1396 | D:3      | Reached XP level 4. HP: 36/36 MP: 4/4
  1822 | D:3      | 1822 ||| UPGRADING to +0 pair of boots.
  1827 | D:3      | 1827 ||| DROPPING ring of magical power.
  1828 | D:3      | 1828 ||| READING scroll labelled PELATT WYOL.
  1829 | D:3      | 1829 ||| DRINKING 2 fizzy brown potions.
  1830 | D:3      | 1830 ||| DROPPING potion of magic.
  1865 | D:4      | Noticed Blork the orc
  1876 | D:4      | Killed Blork the orc
  1877 | D:4      | Reached skill level 5 in Ranged Weapons
  1877 | D:4      | Reached XP level 5. HP: 23/41 MP: 5/5
  1899 | D:4      | 1899 ||| FLEEEEING.
  1900 | D:4      | 1900 ||| FLEEEEING.
  1901 | D:4      | 1901 ||| FLEEEEING.
  1902 | D:4      | 1902 ||| FLEEEEING.
  1903 | D:4      | 1903 ||| FLEEEEING.
  1904 | D:4      | 1904 ||| FLEEEEING.
  1905 | D:4      | 1905 ||| FLEEEEING.
  1906 | D:4      | 1906 ||| STAIRDANCE
  2081 | D:4      | Found Heciopei's Magic Scroll Emporium.
  2086 | D:4      | Noticed a lemure
  2088 | D:4      | Noticed a lemure
  2089 | D:4      | Noticed a lemure
  2090 | D:4      | Noticed a lemure
  2090 | D:4      | Noticed Pikel
  2097 | D:4      | HP: 10/42 [Pikel/+0 whip of freezing (1)]
  2097 | D:4      | HP: 1/42 [lemure[Pikel] (5)]
  2098 | D:4      | 2098 ||| READING 2 scrolls of teleportation.
  2098 | D:4      | Mangled by a lemure

Levels and vault maps discovered:
D:1:      lightli_iron_boxes, layout_basic, amcnicky_mini_corridor_feature,
          minmay_heptomino_l4
D:2:      minmay_spotlight, layout_rooms, shapermc_ecumenical_altar_notcrosses
D:3:      minmay_door_path, layout_rooms
D:4:      minmay_clustersquares, layout_gridville, serial_shops,
          nicolae_shop_advertising_works [nicolae_subvault_shop_adworks],
          minivault_11, minmay_misc_feat_tower, uniq_blork_the_orc, uniq_pikel

Skill      XL: |  1  2  3  4 |
---------------+-------------+-----
Ranged Weapons | 3 4 5 |  5.6
Fighting       | 2 |  2.6
Armour         | 1 |  1.0
Dodging        | |  2.1
Spellcasting   | |  1.0
Hexes          | |  2.0

Action                     |  1- 3 |  4- 6 || total
---------------------------+-------+-------++-------
   Fire: Sling             |   140 |    77 ||   217
    Use: Scroll            |     7 |     2 ||     9
         Potion            |     1 |     1 ||     2
 Armour: Robe              |     7 |       ||     7
         Ring mail         |    26 |    11 ||    37
  Dodge: Dodged            |    48 |    22 ||    70

Table legend:
 A = Non-vault XP
 B = Vault XP
 C = Vault XP percentage of total XP
 D = Non-vault monster count
 E = Vault monster count
 F = Vault count percentage of total count
                 A         B        C        D         E       F
            +---------+---------+-------+---------+---------+-------
      Total |     148 |     112 |  43.1 |      64 |      12 |  15.8
            +---------+---------+-------+---------+---------+-------
        D:1 |      23 |       6 |  20.7 |      13 |       4 |  23.5
        D:2 |      41 |       5 |  10.9 |      18 |       4 |  18.2
        D:3 |      52 |       7 |  11.9 |      23 |       3 |  11.5
        D:4 |      32 |      94 |  74.6 |      10 |       1 |   9.1
            +---------+---------+-------+---------+---------+-------
